[Event "Titled Tuesday Blitz July 18 Early 2023"]
[White "Spichkin, Alexander"]
[Black "Martin Barcelo, Carles"]
[WhiteFideId "4144074"]
[BlackFideId "24561444"]
[WhiteElo "2291"]
[BlackElo "2458"]
[Result "1/2-1/2"]
[Round "4"]
[TimeControl "180+2"]
[Date "2023.07.18"]
[WhiteClock "0:01:14"]
[BlackClock "0:00:04"]
[Board "156"]

1. f4 g6 2. Nf3 Bg7 3. d3 d6 4. e4 e5 5. Be2 Ne7 6. O-O c5 7. Nc3 Nbc6 8. Qe1 Bg4 9. Qh4 Bxf3 10. Bxf3 Nd4 11. Bd1 Nec6 12. Qg3 exf4 13. Bxf4 Ne5 14. Nd5 O-O 15. Bg5 f6 16. Be3 Kh8 17. Bxd4 cxd4 18. c3 dxc3 19. bxc3 Rc8 20. d4 Nc4 21. Qd3 Nb6 22. Bb3 Qd7 23. a4 Nxd5 24. Bxd5 b6 25. c4 f5 26. exf5 Rxf5 27. a5 Rcf8 28. Rfe1 Qd8 29. axb6 axb6 30. Ra7 Qh4 31. g3 Qxd4+ 32. Qxd4 Bxd4+ 33. Kg2 b5 34. Rd7 bxc4 35. Bxc4 Be5 36. Rb1 Rf2+ 37. Kh3 Rb2 38. Rc1 h5 39. Bf7 Kg7 40. Rcc7 Kh6 41. Rb7 Rxb7 42. Rxb7 Kg7 43. Bd5+ Kf6 44. Rb3 Rc8 45. Rf3+ Kg7 46. Rf7+ Kh6 47. Re7 Rc5 48. Be4 Bg7 49. Re6 Rg5 50. Kg2 Re5 51. Rxg6+ Kh7 52. Kf3 Rxe4 53. Rxg7+ Kxg7 54. Kxe4 Kf6 55. Kd5 Ke7 56. h3 Kd7 57. Ke4 Ke6 58. Kd4 Kd7 59. Kc4 Ke6 60. Kd4 Ke7 61. Ke4 Ke6 62. Kd4 1/2-1/2


[Site "https://www.chess.com"]

[Event "Titled Tuesday Blitz July 18 Early 2023"]
[White "Begunov, Konstantin"]
[Black "Wang, Alexander J"]
[WhiteFideId "4118510"]
[BlackFideId "30955270"]
[WhiteElo "2458"]
[BlackElo "2294"]
[Result "1-0"]
[Round "4"]
[TimeControl "180+2"]
[Date "2023.07.18"]
[WhiteClock "0:00:07"]
[BlackClock "0:00:04"]
[Board "157"]

1. d4 d5 2. c4 e6 3. Nc3 c5 4. cxd5 exd5 5. Nf3 Nc6 6. g3 Nf6 7. Bg2 Be7 8. O-O O-O 9. Bg5 c4 10. b3 Qa5 11. Bd2 Bb4 12. Qc2 b5 13. a4 Bxc3 14. axb5 Qxb5 15. bxc4 Qxc4 16. Qxc3 Qxc3 17. Bxc3 Ne4 18. Bb2 Be6 19. Rfc1 Rfc8 20. Ne5 Nxe5 21. dxe5 Nc5 22. Ba3 Nb3 23. Rxc8+ Rxc8 24. Rb1 Nd4 25. e3 Nc6 26. Rc1 a5 27. f4 g6 28. e4 dxe4 29. Bxe4 Bd7 30. Kf2 Nb4 31. Rxc8+ Bxc8 32. Ke3 Be6 33. Kd4 Na6 34. Bb7 Nc7 35. Bc6 Kg7 36. Bd6 Na6 37. Bb5 Nb4 38. Kc3 Nd5+ 39. Kd4 Nb4 40. Bc7 Nc2+ 41. Kc3 Ne1 42. Bc6 Bg4 43. Bxa5 Bf3 44. Bb5 Be4 45. Kd4 Bb7 46. Bxe1 1-0


[Site "https://www.chess.com"]

[Event "Titled Tuesday Blitz July 18 Early 2023"]
[White "Mikhaylova, Irina"]
[Black "Aakanksha Hagawane"]
[WhiteFideId "4109040"]
[BlackFideId "25014510"]
[WhiteElo "2289"]
[BlackElo "2456"]
[Result "1-0"]
[Round "4"]
[TimeControl "180+2"]
[Date "2023.07.18"]
[WhiteClock "0:00:22"]
[BlackClock "0:00:00"]
[Board "158"]

1. d4 Nf6 2. Nf3 c5 3. c4 cxd4 4. Nxd4 Nc6 5. Nc3 e6 6. e3 Be7 7. Be2 O-O 8. O-O b6 9. b3 Bb7 10. Bb2 Rc8 11. Rc1 Ne5 12. Ndb5 a6 13. Nd6 Rb8 14. Nxb7 Rxb7 15. f4 Ng6 16. Bf3 Rc7 17. Ne4 Nxe4 18. Bxe4 Bc5 19. Bd4 f5 20. Bf3 Qe7 21. Qd3 Kh8 22. Rcd1 e5 23. fxe5 Nxe5 24. Qe2 Nxf3+ 25. Qxf3 Rc6 26. Bxc5 bxc5 27. Rd5 g6 28. e4 Re6 29. exf5 gxf5 30. Rxf5 Rxf5 31. Qxf5 Re2 32. Qf8+ Qxf8 33. Rxf8+ Kg7 34. Rf2 Re1+ 35. Rf1 Re2 36. Rd1 Rxa2 37. Rxd7+ Kg6 38. Rd3 a5 39. h3 h5 40. Kh2 Rb2 41. Rd6+ Kg7 42. Rd5 Rxb3 43. Rxc5 a4 44. Rxh5 a3 45. Ra5 Rc3 46. c5 a2 47. Rxa2 Rxc5 48. Ra6 Rc3 49. Ra4 Rb3 50. Rg4+ Kf6 51. Rg3 1-0


[Site "https://www.chess.com"]

[Event "Titled Tuesday Blitz July 18 Early 2023"]
[White "Zaksaite, Salomeja"]
[Black "Namitbir Singh Walia"]
[WhiteFideId "12801496"]
[BlackFideId "35071068"]
[WhiteElo "2289"]
[BlackElo "2453"]
[Result "1-0"]
[Round "4"]
[TimeControl "180+2"]
[Date "2023.07.18"]
[WhiteClock "0:00:44"]
[BlackClock "0:00:01"]
[Board "159"]

1. d4 d5 2. Nc3 Nf6 3. Bf4 Bf5 4. e3 e6 5. f3 Bd6 6. g4 Bg6 7. h4 Bxf4 8. exf4 h5 9. Qe2 Qd6 10. f5 Bh7 11. O-O-O hxg4 12. fxg4 Qf4+ 13. Kb1 Qxg4 14. Qb5+ Nbd7 15. Bh3 Qxh4 16. fxe6 fxe6 17. Qxb7 Ke7 18. Qc6 Bg8 19. Nf3 Qf2 20. Ne5 Nxe5 21. dxe5 Nd7 22. Nxd5+ Kd8 23. Qxa8+ 1-0


[Site "https://www.chess.com"]

[Event "Titled Tuesday Blitz July 18 Early 2023"]
[White "SicilianPanzer"]
[Black "Nunez V, Gustavo Eduardo"]
[BlackFideId "4403690"]
[WhiteElo "2285"]
[BlackElo "2453"]
[Result "0-1"]
[Round "4"]
[TimeControl "180+2"]
[Date "2023.07.18"]
[WhiteClock "0:00:00"]
[BlackClock "0:00:11"]
[Board "160"]

1. e4 c5 2. Nf3 Nc6 3. Bb5 g6 4. Bxc6 dxc6 5. d3 Bg7 6. h3 e5 7. a4 a5 8. Be3 b6 9. Na3 Be6 10. Nc4 Bxc4 11. dxc4 Qc7 12. O-O Nf6 13. Nd2 Rd8 14. Bg5 h6 15. Bxf6 Bxf6 16. Qe2 O-O 17. Rfd1 Rd6 18. Nf1 Rfd8 19. Ne3 Bg5 20. Rd3 Bxe3 21. Qxe3 Rd4 22. Rad1 Kg7 23. c3 Rxd3 24. Rxd3 Rd6 25. Qd2 Rxd3 26. Qxd3 Qe7 27. g3 Qg5 28. Qd1 h5 29. h4 Qe7 30. Qb3 Qd8 31. Kf1 Qd3+ 32. Kg1 Qd8 33. Kf1 Kf6 34. Ke2 Ke6 35. Qd1 Qb8 36. Qd2 Qh8 37. b3 f6 38. f4 Qb8 39. Qe3 f5 40. exf5+ Kxf5 41. Qd3+ Kf6 42. Kf3 exf4 43. gxf4 Qc7 44. Qe4 Qd7 45. Ke3 Qh3+ 46. Kd2 Qh2+ 47. Kd3 Qg3+ 48. Kd2 Qf2+ 49. Kd3 Qf1+ 50. Kd2 Qf2+ 51. Kd3 Qxh4 52. Qxc6+ Kf5 53. Qxb6 Qg3+ 54. Kd2 Qxf4+ 55. Kd3 Qe4+ 56. Kd2 Qe5 57. Qd8 h4 58. Qf8+ Kg4 59. Qf2 Qf4+ 60. Ke2 Qxf2+ 61. Kxf2 Kf5 62. b4 cxb4 63. cxb4 axb4 64. a5 b3 65. a6 b2 66. a7 b1=Q 67. a8=Q Qc2+ 68. Kg1 Qc1+ 69. Kf2 Qxc4 70. Qf8+ Kg4 71. Qe7 Qf4+ 72. Kg1 Qg3+ 73. Kf1 Qf3+ 74. Kg1 g5 75. Qe6+ Qf5 76. Qe2+ Qf3 77. Qe6+ Kg3 78. Qd6+ Qf4 79. Qd3+ Kg4 80. Qd7+ Kf3 81. Qd3+ Qe3+ 0-1


[Site "https://www.chess.com"]

[Event "Titled Tuesday Blitz July 18 Early 2023"]
[White "JonSnowNW1"]
[Black "Zampronha, Wladimir Camilo"]
[BlackFideId "2103087"]
[WhiteElo "2451"]
[BlackElo "2285"]
[Result "1-0"]
[Round "4"]
[TimeControl "180+2"]
[Date "2023.07.18"]
[WhiteClock "0:00:28"]
[BlackClock "0:00:07"]
[Board "161"]

1. c4 Nf6 2. Nc3 e6 3. e4 c5 4. g3 Nc6 5. Bg2 d6 6. Nge2 Be7 7. O-O O-O 8. d3 Rb8 9. h3 a6 10. a4 Ne8 11. Be3 Nc7 12. d4 cxd4 13. Nxd4 Nxd4 14. Bxd4 b5 15. axb5 axb5 16. Ba7 Rb7 17. e5 d5 18. cxd5 exd5 19. Bd4 b4 20. Na4 Nb5 21. Bc5 Be6 22. Rc1 Rc7 23. Qd3 Qb8 24. Bb6 Rxc1 25. Rxc1 Na7 26. Qa6 Nc8 27. Bc7 Qa7 28. Qb5 Bg5 29. Rc2 Qd4 30. Kh2 Qd1 31. Qe2 Qa1 32. Nc5 d4 33. Nxe6 fxe6 34. Qc4 Re8 35. Bc6 b3 36. Qxb3 Rf8 37. Qxe6+ Kh8 38. Bd6 Nxd6 39. Qxd6 Qf1 40. Qxf8# 1-0


[Site "https://www.chess.com"]

[Event "Titled Tuesday Blitz July 18 Early 2023"]
[White "Barwinska, Ewa"]
[Black "Matyukov, Petr"]
[WhiteFideId "21833761"]
[BlackFideId "4103688"]
[WhiteElo "2282"]
[BlackElo "2451"]
[Result "1-0"]
[Round "4"]
[TimeControl "180+2"]
[Date "2023.07.18"]
[WhiteClock "0:00:08"]
[BlackClock "0:00:00"]
[Board "162"]

1. e4 c6 2. d4 d5 3. exd5 cxd5 4. Bd3 Nc6 5. Ne2 Qc7 6. Bf4 Qb6 7. b3 Bg4 8. f3 Bh5 9. Nd2 e6 10. c3 Nf6 11. O-O e5 12. Be3 Bd6 13. Kh1 Qc7 14. dxe5 Bxe5 15. f4 Bxc3 16. Rc1 Bxd2 17. Qxd2 O-O 18. Nd4 Rfe8 19. Bb5 Ne4 20. Qb2 Ng3+ 21. hxg3 Rxe3 22. Nf5 d4 23. Nxe3 dxe3 24. Rfe1 Qe7 25. Bxc6 bxc6 26. Qe5 Qxe5 27. fxe5 e2 28. Rc4 Re8 29. g4 Bg6 30. Rxe2 Bd3 31. Re3 Bxc4 32. bxc4 g6 33. Kh2 Kg7 34. Kg3 Re6 35. Kf4 Kf8 36. Ra3 g5+ 37. Kxg5 Rxe5+ 38. Kf4 Re7 39. Ra6 Rc7 40. Ke5 Ke7 41. Kd4 Kd6 42. c5+ Ke6 43. Ke4 1-0


[Site "https://www.chess.com"]

[Event "Titled Tuesday Blitz July 18 Early 2023"]
[White "Akhayan, Ruben"]
[Black "Baches Garcia, Guillermo"]
[WhiteFideId "204439"]
[BlackFideId "2209764"]
[WhiteElo "2275"]
[BlackElo "2449"]
[Result "1-0"]
[Round "4"]
[TimeControl "180+2"]
[Date "2023.07.18"]
[WhiteClock "0:00:34"]
[BlackClock "0:00:00"]
[Board "163"]

1. e4 d5 2. exd5 Qxd5 3. Nc3 Qa5 4. Nf3 Nf6 5. Bc4 Bf5 6. O-O e6 7. d3 c6 8. Re1 Be7 9. Bd2 Qc7 10. h3 h6 11. Nd4 Bg6 12. Bxe6 fxe6 13. Nxe6 Qd7 14. Nxg7+ Kf7 15. Ne6 Na6 16. Nf4 Rae8 17. Nxg6 Kxg6 18. Ne4 Nc5 19. Nxf6 Bxf6 20. Rb1 Rxe1+ 21. Bxe1 Qe6 22. Bb4 Nd7 23. d4 Re8 24. Qf3 Bxd4 25. Re1 Be5 26. Bc3 Qf5 27. Qd1 Rf8 28. Bxe5 Nxe5 29. Re2 Rf6 30. Qd8 Nf7 31. Qg8+ Kh5 32. g4+ 1-0


[Site "https://www.chess.com"]

[Event "Titled Tuesday Blitz July 18 Early 2023"]
[White "Tanmay Jain"]
[Black "Nugumanov, Bakhtiyar"]
[WhiteFideId "45015481"]
[BlackFideId "13701797"]
[WhiteElo "2446"]
[BlackElo "2271"]
[Result "1-0"]
[Round "4"]
[TimeControl "180+2"]
[Date "2023.07.18"]
[WhiteClock "0:00:55"]
[BlackClock "0:00:00"]
[Board "164"]

1. Nf3 b6 2. d4 Bb7 3. e3 g6 4. c4 c5 5. Nc3 Bg7 6. Be2 Nh6 7. O-O O-O 8. d5 d6 9. e4 f6 10. Nd2 f5 11. f4 Nd7 12. Nf3 Nf7 13. exf5 gxf5 14. Nh4 Nh6 15. Nf3 Nf7 16. Bd3 Nh6 17. Ng5 Rf6 18. Ne6 Rxe6 19. dxe6 Nf8 20. Qe2 Qe8 21. Nd5 Rc8 22. Rb1 b5 23. Bd2 Bxd5 24. cxd5 c4 25. Bc2 Qg6 26. Bc3 Rc5 27. Rbd1 Ng4 28. h3 Nf6 29. Qf3 h5 30. Rfe1 N8h7 31. Bb4 1-0


[Site "https://www.chess.com"]

[Event "Titled Tuesday Blitz July 18 Early 2023"]
[White "Peiris, T G M"]
[Black "Sliwicki, Damian"]
[WhiteFideId "9901310"]
[BlackFideId "1127128"]
[WhiteElo "2261"]
[BlackElo "2444"]
[Result "1-0"]
[Round "4"]
[TimeControl "180+2"]
[Date "2023.07.18"]
[WhiteClock "0:00:28"]
[BlackClock "0:00:59"]
[Board "165"]

1. e4 c5 2. c3 g6 3. d4 cxd4 4. cxd4 d5 5. e5 a6 6. h3 Nc6 7. Nf3 Bg7 8. Nc3 f6 9. Bf4 fxe5 10. Nxe5 Nf6 11. Be2 O-O 12. O-O Kh8 13. Qd2 Ne4 14. Nxe4 dxe4 15. Nxc6 bxc6 16. Rad1 e5 17. Bxe5 Bxe5 18. dxe5 Qxd2 19. Rxd2 Be6 20. b3 Bd5 21. Bc4 Rad8 22. Rfd1 Rf5 23. Bxd5 cxd5 24. Rxd5 Rc8 25. e6 Kg7 26. e7 Rxd5 27. Rxd5 Kf7 28. Re5 Ke8 29. Rxe4 Rc1+ 30. Kh2 Rc2 31. Kg3 Rxa2 32. b4 Ra4 33. f3 Ra2 34. h4 h5 35. Re6 a5 36. bxa5 Rxa5 37. Rxg6 Kxe7 38. Rg5 Ra2 39. Rxh5 Kf6 40. Rb5 Kg6 41. Kh3 Rc2 42. g3 Rf2 43. Kg4 Ra2 44. Rb6+ Kh7 45. h5 Ra5 46. f4 Ra3 47. Kh4 Rc3 48. g4 Rc4 49. Kg5 Rc1 50. Rb7+ Kg8 51. h6 Rc6 52. f5 Kh8 53. Kh5 Rd6 54. g5 Rd1 55. Kg6 Rd6+ 56. f6 Rd8 57. Rh7+ Kg8 58. f7+ Kf8 59. Rh8+ Ke7 60. Rxd8 Ke6 61. f8=Q 1-0


[Site "https://www.chess.com"]

[Event "Titled Tuesday Blitz July 18 Early 2023"]
[White "Arnold, Ken"]
[Black "rikchessmx"]
[WhiteFideId "2056836"]
[WhiteElo "2443"]
[BlackElo "2261"]
[Result "1-0"]
[Round "4"]
[TimeControl "180+2"]
[Date "2023.07.18"]
[WhiteClock "0:01:15"]
[BlackClock "0:00:38"]
[Board "166"]

1. d4 Nf6 2. c4 e6 3. Nf3 c5 4. Nc3 cxd4 5. Nxd4 a6 6. Bg5 Qa5 7. Bxf6 gxf6 8. Nc2 Rg8 9. e3 Qc5 10. Qd3 f5 11. g3 Nc6 12. Bg2 Ne5 13. Qd4 Qxd4 14. exd4 Nxc4 15. O-O-O d5 16. Rhe1 Be7 17. Bxd5 Nb6 18. Bf3 Kf8 19. d5 Bc5 20. Nd4 exd5 21. Nxd5 Nxd5 22. Bxd5 Bd7 23. f4 Rc8 24. Kb1 Rc7 25. Nf3 Rg7 26. Ne5 Be8 27. Bb3 Be7 28. Bc2 f6 29. Nf3 Bh5 30. Rd3 Bb4 31. Rd8+ 1-0


[Site "https://www.chess.com"]

[Event "Titled Tuesday Blitz July 18 Early 2023"]
[White "Chemin, Justo Reinaldo"]
[Black "LangesNasenhaar"]
[WhiteFideId "2101580"]
[WhiteElo "2258"]
[BlackElo "2443"]
[Result "1-0"]
[Round "4"]
[TimeControl "180+2"]
[Date "2023.07.18"]
[WhiteClock "0:00:05"]
[BlackClock "0:00:00"]
[Board "167"]

1. d4 g6 2. e4 Bg7 3. Nf3 c6 4. Nc3 d5 5. e5 Bg4 6. h3 Bxf3 7. Qxf3 e6 8. g4 a6 9. a4 c5 10. dxc5 Nc6 11. Bf4 Nxe5 12. Qg3 Nd7 13. Bd6 Rc8 14. Bg2 Nxc5 15. O-O Ne7 16. Rad1 O-O 17. h4 Re8 18. Rfe1 Bxc3 19. bxc3 Nxa4 20. Be5 Nc6 21. h5 Nxe5 22. Qxe5 Qc7 23. Qf6 Qxc3 24. Qg5 Qc7 25. hxg6 hxg6 26. Rd3 Qe7 27. Qh6 Qf8 28. Qg5 Qg7 29. Rh3 Rxc2 30. Bxd5 Nc5 31. Bg2 Rc4 32. f4 Rd4 33. f5 e5 34. f6 Qf8 35. Qh4 1-0


[Site "https://www.chess.com"]

[Event "Titled Tuesday Blitz July 18 Early 2023"]
[White "Ai, Evan"]
[Black "Putri, Regita Desyari"]
[WhiteFideId "2094770"]
[BlackFideId "7109083"]
[WhiteElo "2442"]
[BlackElo "2259"]
[Result "1-0"]
[Round "4"]
[TimeControl "180+2"]
[Date "2023.07.18"]
[WhiteClock "0:00:23"]
[BlackClock "0:00:02"]
[Board "168"]

1. d4 Nf6 2. c4 e6 3. Nf3 b6 4. g3 Ba6 5. b3 Bb4+ 6. Bd2 Be7 7. Bg2 c6 8. O-O d5 9. Ne5 O-O 10. Nc3 Bb7 11. Bf4 Nh5 12. Be3 Nd7 13. Nxd7 Qxd7 14. Qc2 f5 15. Rfd1 Rf7 16. Bf3 Nf6 17. Bf4 Ne4 18. Bg2 Raf8 19. f3 Nxc3 20. Qxc3 a5 21. e4 c5 22. exd5 exd5 23. Be5 dxc4 24. dxc5 Bxc5+ 25. Kh1 Qe6 26. bxc4 Bb4 27. Qe3 Qxc4 28. Qxb6 Qe2 29. Bf4 Bxf3 30. Rg1 Qe4 31. Qf2 Bxg2+ 32. Rxg2 Rd7 33. a3 Bc3 34. Rc1 Rfd8 35. h4 Rd1+ 36. Rxd1 Rxd1+ 37. Kh2 Bd4 38. Qa2+ Kf8 39. Bd6+ Ke8 40. Qb3 Kd7 41. Qxd1 Kxd6 42. Rd2 Ke5 43. Re2 Be3 44. Qe1 Kd4 45. Qa1+ Kd3 46. Qd1+ Kc3 47. Qa1+ Kd3 48. Qa2 Qc4 49. Qxc4+ Kxc4 50. Rxe3 1-0


[Site "https://www.chess.com"]

[Event "Titled Tuesday Blitz July 18 Early 2023"]
[White "Pershina, Elena"]
[Black "Szyszylo, Rafal"]
[WhiteFideId "24147516"]
[BlackFideId "1109626"]
[WhiteElo "2249"]
[BlackElo "2438"]
[Result "1-0"]
[Round "4"]
[TimeControl "180+2"]
[Date "2023.07.18"]
[WhiteClock "0:00:30"]
[BlackClock "0:00:02"]
[Board "169"]

1. c4 d6 2. g3 g6 3. Bg2 Bg7 4. Nf3 e5 5. d4 Nc6 6. Be3 Nge7 7. dxe5 Nxe5 8. Nxe5 Bxe5 9. Bd4 Nc6 10. Bxe5 Nxe5 11. b3 Qf6 12. Nd2 O-O 13. O-O Re8 14. Ne4 Qe7 15. Qd4 Bf5 16. Nc3 c6 17. Rad1 Red8 18. Ne4 Bxe4 19. Bxe4 a5 20. h3 f5 21. Bg2 Nf7 22. e4 Qe5 23. exf5 Qxf5 24. Rfe1 Re8 25. Kh2 a4 26. b4 Re5 27. b5 Rc8 28. bxc6 bxc6 29. Rb1 c5 30. Qd2 Rce8 31. Rxe5 Rxe5 32. Rb8+ Kg7 33. Rb7 Re6 34. Bd5 Rf6 35. f4 h5 36. Qc3 Kh6 37. Bxf7 Rxf7 38. Qh8+ Rh7 39. Qxh7# 1-0


[Site "https://www.chess.com"]

[Event "Titled Tuesday Blitz July 18 Early 2023"]
[White "Gatterer, Florian"]
[Black "Thiel, Thomas"]
[WhiteFideId "811688"]
[BlackFideId "4615964"]
[WhiteElo "2437"]
[BlackElo "2237"]
[Result "1/2-1/2"]
[Round "4"]
[TimeControl "180+2"]
[Date "2023.07.18"]
[WhiteClock "0:02:22"]
[BlackClock "0:02:37"]
[Board "170"]

1. Nf3 Nf6 2. g3 g6 3. Bg2 Bg7 4. d4 d5 5. O-O O-O 6. c4 dxc4 7. Na3 Nc6 8. Nxc4 Be6 9. Nce5 Bd5 10. Nxc6 Bxc6 11. Bf4 1/2-1/2


[Site "https://www.chess.com"]

[Event "Titled Tuesday Blitz July 18 Early 2023"]
[White "Vaglio Munoz, Jaime"]
[Black "Rosh Jain"]
[WhiteFideId "6500145"]
[BlackFideId "25789465"]
[WhiteElo "2236"]
[BlackElo "2431"]
[Result "1-0"]
[Round "4"]
[TimeControl "180+2"]
[Date "2023.07.18"]
[WhiteClock "0:01:37"]
[BlackClock "0:00:42"]
[Board "171"]

1. Nf3 d5 2. c4 e6 3. b3 Nf6 4. Bb2 c5 5. cxd5 exd5 6. g3 Nc6 7. Bg2 Be6 8. d4 cxd4 9. O-O Bc5 10. Nxd4 Nxd4 11. Bxd4 Bxd4 12. Qxd4 O-O 13. Nc3 Rc8 14. Rfd1 Qe7 15. Nxd5 Bxd5 16. Bxd5 Qxe2 17. Bxb7 Rc2 18. Qxa7 Ng4 19. Rf1 f5 20. Bd5+ Kh8 21. Rae1 Qb5 22. Qe7 Rfc8 23. Bc4 Qc6 24. Re6 Qa8 25. Rfe1 h6 26. Qf7 Nf6 27. Rxf6 Qf3 1-0


[Site "https://www.chess.com"]

[Event "Titled Tuesday Blitz July 18 Early 2023"]
[White "Devaev, Alexander"]
[Black "Hernandez Bermudez, Ulises Eduardo"]
[WhiteFideId "4169395"]
[BlackFideId "3902510"]
[WhiteElo "2429"]
[BlackElo "2224"]
[Result "1-0"]
[Round "4"]
[TimeControl "180+2"]
[Date "2023.07.18"]
[WhiteClock "0:00:05"]
[BlackClock "0:00:04"]
[Board "172"]

1. d4 d5 2. Nf3 Nf6 3. c4 c6 4. Nc3 e6 5. e3 Nbd7 6. Qc2 Bd6 7. b3 O-O 8. Bb2 dxc4 9. Bxc4 b5 10. Bd3 e5 11. O-O Bb7 12. Ne4 Nxe4 13. Bxe4 exd4 14. exd4 Nf6 15. Bd3 Rc8 16. Bf5 Rc7 17. Rac1 c5 18. dxc5 Rxc5 19. Qb1 Bxf3 20. gxf3 Rxc1 21. Rxc1 Nh5 22. Qe4 Nf4 23. Kh1 Qh4 24. Rg1 f6 25. Bd4 Be5 26. Bxe5 fxe5 27. Qxe5 Nh5 28. Bg4 Nf6 29. Qe6+ Kh8 30. Qe7 Rg8 31. Be6 Qxf2 32. Qb7 h6 33. Bxg8 Nxg8 34. Qe4 Nf6 35. Qf4 Qe2 36. Qg3 Nh5 37. Qg4 g6 38. Qg2 Qe3 39. Qg4 Nf4 40. Qc8+ Kg7 41. Qd7+ Kf6 42. Qd6+ Ne6 43. Qg3 g5 44. Re1 Qd2 45. Qe5+ Kg6 46. Qxe6+ Kh5 47. Qg4+ Kg6 48. Re6+ Kg7 49. Re7+ Kf6 50. Qe6# 1-0


[Site "https://www.chess.com"]

[Event "Titled Tuesday Blitz July 18 Early 2023"]
[White "Vila Dupla, Aurelio"]
[Black "Starosta, Martyna"]
[WhiteFideId "2203383"]
[BlackFideId "21818754"]
[WhiteElo "2210"]
[BlackElo "2426"]
[Result "0-1"]
[Round "4"]
[TimeControl "180+2"]
[Date "2023.07.18"]
[WhiteClock "0:00:02"]
[BlackClock "0:00:02"]
[Board "173"]

1. Nf3 Nf6 2. d4 e6 3. g3 c5 4. c4 cxd4 5. Nxd4 Nc6 6. Bg2 Bb4+ 7. Nc3 O-O 8. O-O a6 9. Bf4 Qe7 10. a3 Bxc3 11. Nxc6 dxc6 12. Bd6 Qd7 13. Bxf8 Bxb2 14. Rb1 Bd4 15. Bb4 c5 16. e3 Bxe3 17. fxe3 cxb4 18. Rxb4 Qc7 19. Qd4 Rb8 20. Rd1 Bd7 21. Qa7 Qe5 22. Qd4 Qc7 23. c5 Bc6 24. Qd6 Qxd6 25. Rxd6 Bxg2 26. Kxg2 Nd5 27. Rb3 Rc8 28. Rxb7 Nxe3+ 29. Kf3 Nc4 30. Rxa6 g6 31. c6 Ne5+ 32. Kf4 Nxc6 33. Rbb6 Ne7 34. Rb7 Nd5+ 35. Kf3 Rc3+ 36. Kg2 Rc2+ 37. Kh3 Rf2 38. Rd6 Kg7 39. a4 Ne3 40. Rdd7 h5 41. a5 Ng4 42. Kh4 Kh6 43. h3 g5# 0-1


[Site "https://www.chess.com"]

[Event "Titled Tuesday Blitz July 18 Early 2023"]
[White "Vivas Zamora, Fabian Ernesto"]
[Black "Mishra, Manoj"]
[WhiteFideId "3902480"]
[BlackFideId "5006007"]
[WhiteElo "2426"]
[BlackElo "2181"]
[Result "1-0"]
[Round "4"]
[TimeControl "180+2"]
[Date "2023.07.18"]
[WhiteClock "0:00:07"]
[BlackClock "0:00:00"]
[Board "174"]

1. e4 d6 2. d4 Nf6 3. Nc3 g6 4. f4 Bg7 5. Bd3 O-O 6. Nf3 b6 7. O-O c5 8. d5 Na6 9. a3 Nc7 10. Qe1 a6 11. a4 e6 12. dxe6 Nxe6 13. f5 Nc7 14. Qh4 gxf5 15. Bg5 Nce8 16. Nd5 Bb7 17. c4 Bxd5 18. exd5 Qd7 19. Nd2 Ne4 20. Rxf5 Nxg5 21. Rxg5 Nf6 22. Rf1 Qe7 23. Rxf6 Qe3+ 24. Rf2 Qxd3 25. Qh6 Qd4 26. Ne4 Rae8 27. Nf6+ Qxf6 28. Qxf6 1-0


[Site "https://www.chess.com"]

[Event "Titled Tuesday Blitz July 18 Early 2023"]
[White "Todorovic, Bojan"]
[Black "Horokoskii"]
[WhiteFideId "917087"]
[WhiteElo "2424"]
[BlackElo "2128"]
[Result "1-0"]
[Round "4"]
[TimeControl "180+2"]
[Date "2023.07.18"]
[WhiteClock "0:02:33"]
[BlackClock "0:02:04"]
[Board "175"]

1. d4 Nf6 2. c4 c5 3. d5 e6 4. Nc3 exd5 5. cxd5 d6 6. Nf3 g6 7. Nd2 Bg7 8. Nc4 O-O 9. Bf4 Ne8 10. Qd2 a6 11. a4 Qe7 12. Nb6 Qc7 13. Nxa8 Qd8 14. a5 1-0


[Site "https://www.chess.com"]

[Event "Titled Tuesday Blitz July 18 Early 2023"]
[White "Goldin, Roman"]
[Black "Tqebuchava, Zurab"]
[WhiteFideId "2803860"]
[BlackFideId "13601113"]
[WhiteElo "2424"]
[BlackElo "2113"]
[Result "1-0"]
[Round "4"]
[TimeControl "180+2"]
[Date "2023.07.18"]
[WhiteClock "0:01:20"]
[BlackClock "0:00:00"]
[Board "176"]

1. e4 d6 2. d4 Nf6 3. Nc3 Nbd7 4. Nf3 e5 5. g3 Be7 6. Bg2 O-O 7. O-O exd4 8. Nxd4 Nc5 9. h3 Be6 10. Re1 Re8 11. Kh2 h6 12. f4 Bf8 13. b4 Na6 14. a3 c5 15. Nxe6 fxe6 16. b5 Nc7 17. e5 Nfd5 18. Nxd5 Nxd5 19. Bxd5 exd5 20. Qxd5+ Kh8 21. e6 Qf6 22. Rb1 Qc3 23. Re2 Qd4 24. Qxd4 cxd4 25. Bb2 a6 26. b6 Rac8 27. Bxd4 Rc4 28. c3 d5 29. f5 Bxa3 30. Re5 Bc5 31. Rxd5 Bxd4 32. Rxd4 Rxc3 33. Rd7 Rc2+ 34. Kg1 a5 35. Rxb7 Rd8 36. Rd7 Rf8 37. b7 Rb8 38. e7 a4 39. Rd8+ 1-0


[Site "https://www.chess.com"]

[Event "Titled Tuesday Blitz July 18 Early 2023"]
[White "Buchenau, Frank"]
[Black "LLariMarc"]
[WhiteFideId "4604350"]
[WhiteElo "2417"]
[BlackElo "2104"]
[Result "1-0"]
[Round "4"]
[TimeControl "180+2"]
[Date "2023.07.18"]
[WhiteClock "0:00:15"]
[BlackClock "0:00:17"]
[Board "177"]

1. e4 e6 2. d4 d5 3. Nc3 Nf6 4. e5 Nfd7 5. f4 c5 6. Nf3 Nc6 7. Be3 a6 8. Ne2 b5 9. c3 b4 10. f5 exf5 11. Nf4 bxc3 12. bxc3 cxd4 13. cxd4 Nb6 14. Rc1 Nc4 15. Bxc4 dxc4 16. Rxc4 Na5 17. Rc1 Bb4+ 18. Kf2 O-O 19. Qa4 g5 20. Qxb4 gxf4 21. Bxf4 Nb7 22. Bg5 Qd5 23. Rc7 Qxa2+ 24. Kg3 Nd8 25. Qe7 Ne6 26. Bh6 f4+ 27. Kh4 Qf2+ 28. Kh5 Qxg2 29. Rg1 Ng7+ 30. Bxg7 Qxf3+ 31. Kg5 Bh3 32. Kf6 Bg2 33. Rc2 Qh5 34. Rcxg2 Qh4+ 35. Kf5 Qxe7 36. Bf6# 1-0


[Site "https://www.chess.com"]

[Event "Titled Tuesday Blitz July 18 Early 2023"]
[White "Floresvillar Gonzalez, Luis Migu"]
[Black "Rom, Jasper"]
[WhiteFideId "5100542"]
[BlackFideId "2023733"]
[WhiteElo "2076"]
[BlackElo "2416"]
[Result "0-1"]
[Round "4"]
[TimeControl "180+2"]
[Date "2023.07.18"]
[WhiteClock "0:00:25"]
[BlackClock "0:00:43"]
[Board "178"]

1. d4 d5 2. c3 e6 3. Bf4 Bd6 4. e3 Nf6 5. Nd2 O-O 6. Bd3 Nbd7 7. Ngf3 b6 8. O-O Bb7 9. Qe2 Ne4 10. Rae1 f5 11. Bxd6 cxd6 12. Bb5 Ndf6 13. Nxe4 fxe4 14. Nd2 a6 15. Ba4 b5 16. Bc2 e5 17. f3 exf3 18. Rxf3 e4 19. Rg3 Bc8 20. Bb3 Be6 21. Rf1 Qe7 22. a3 g6 23. Rf4 Kh8 24. h4 Nh5 25. Rxf8+ Rxf8 26. Rg5 Nf6 27. h5 Nxh5 28. Rxh5 gxh5 29. Qxh5 Rf5 30. Qh6 Qf6 31. Qh2 Bf7 32. Nxe4 Rf1# 0-1


[Site "https://www.chess.com"]

[Event "Titled Tuesday Blitz July 18 Early 2023"]
[White "ogpin"]
[Black "Harriott, Tyrell"]
[BlackFideId "2086484"]
[WhiteElo "2065"]
[BlackElo "2409"]
[Result "0-1"]
[Round "4"]
[TimeControl "180+2"]
[Date "2023.07.18"]
[WhiteClock "0:00:02"]
[BlackClock "0:00:18"]
[Board "179"]

1. e4 d5 2. e5 c5 3. Nf3 Nc6 4. c3 Bg4 5. h3 Bxf3 6. Qxf3 Nxe5 7. Qg3 Nc6 8. Bb5 e6 9. O-O Nh6 10. Re1 Nf5 11. Qf3 Be7 12. d3 O-O 13. Bxc6 bxc6 14. Bf4 Bf6 15. Nd2 Re8 16. g4 Nh4 17. Qg3 Ng6 18. Be3 d4 19. cxd4 Bxd4 20. Ne4 Bxe3 21. Qxe3 Qd4 22. Nxc5 Qxb2 23. d4 Red8 24. Red1 Nh4 25. Rab1 Qxa2 26. Rb7 Qd5 27. Ne4 c5 28. Rdb1 cxd4 29. Qf4 e5 30. Qg5 Nf3+ 31. Kf1 Nxg5 32. Nxg5 e4 33. R1b5 Qc4+ 34. Kg2 e3 35. Rf5 f6 36. Ne6 Qc6+ 37. Rf3 Qxb7 0-1


[Site "https://www.chess.com"]